 Dungeon Crawl Stone Soup version 0.22-a0-580-gd5db89c (webtiles) character file.

11916 sking99 the Grappler (level 11, -4/105 HPs)
             Began as a Troll Monk on July 2, 2018.
             Was a High Priest of Elyvilon.
             Slain by a porcupine (14 damage)
             ... on level 5 of the Lair of Beasts.
             The game lasted 00:27:28 (8589 turns).

sking99 the Grappler (Troll Monk)                   Turns: 8589, Time: 00:27:29

Health: -4/105     AC: -2    Str: 21    XL:     11   Next: 55%
Magic:  10/10      EV: 15    Int:  6    God:    Elyvilon [*****.]
Gold:   662        SH: 12    Dex: 20    Spells: 10/10 levels left

rFire    . . .     SeeInvis .     - Unarmed
rCold    . . .     Gourm    +   x - +1 shield
rNeg     . . .     Faith    .   n - +1 troll leather armour {Purgy}
rPois    .         Spirit   .   (helmet restricted)
rElec    .         Reflect  .   G - +1 cloak
rCorr    .         Harm     .   (gloves unavailable)
MR       .....                  (boots unavailable)
Stlth    +++.......             i - amulet of the acrobat
HPRegen  1.07/turn              J - ring of wizardry
MPRegen  0.12/turn              (no ring)

@: agile, lethally poisoned (-4 -> -4), corroded
A: large, unfitting armour, claws 3, fast metabolism 3, gourmand, regeneration
1, shaggy fur 1, tough skin 2
a: Lesser Healing, Heal Other, Purification, Greater Healing, Divine Vigour,
Divine Protection, Renounce Religion


You were on level 5 of the Lair of Beasts.
You worshipped Elyvilon.
Elyvilon was extremely pleased with you.
You were completely stuffed.

You visited 3 branches of the dungeon, and saw 16 of its levels.
You also visited: Sewer.

You collected 662 gold pieces.

Inventory:

Hand Weapons
 a - the +3 war axe of the Mushroom {flame, Int+7}
   (You found it on level 8 of the Dungeon)

   It has been specially enchanted to burn those struck by it, causing extra
   injury to most foes and up to half again as much damage against particularly
   susceptible opponents.
   Big, fiery blades are also staple armaments of hydra-hunters.
   It affects your intelligence (+7).
Missiles
 K - 16 stones (quivered)
Armour
 n - a +1 troll leather armour (worn) {Purgy}
 x - a +1 shield (worn)
 G - a +1 cloak (worn)
Jewellery
 i - an amulet of the acrobat (around neck)
 j - a +3 amulet of reflection
 r - a cursed -3 ring of strength {unknown}
 F - an uncursed amulet of rage
 J - a ring of wizardry (left claw)
Wands
 o - a wand of iceblast (19)
 z - a wand of paralysis (12)
 B - a wand of acid (6)
Scrolls
 c - 7 scrolls of remove curse
 g - 3 scrolls of blinking
 q - 7 scrolls of teleportation
 s - 2 scrolls of fear
 u - a scroll of enchant weapon {unknown}
 y - a scroll of brand weapon {unknown}
 A - a scroll of vulnerability {unknown}
 D - a scroll of summoning {unknown}
 H - a scroll of random uselessness {unknown}
 I - 3 scrolls of fog {unknown}
Potions
 d - a potion of invisibility {unknown}
 e - 2 potions of heal wounds {unknown}
 f - 5 potions of curing
 h - 3 potions of might
 k - 4 potions of flight
 l - a potion of lignification
 m - 3 potions of agility
 p - a potion of resistance {unknown}
 t - 2 potions of magic {unknown}
 v - 2 potions of haste {unknown}
 w - 2 potions of mutation {unknown}
 E - a potion of degeneration {unknown}
Comestibles
 b - 24 rations
 C - 6 chunks of flesh


   Skills:
 - Level 6.1 Fighting
 - Level 2.4 Dodging
 - Level 1.0 Stealth
 + Level 7.0 Shields
 * Level 14.7 Unarmed Combat


You had 10 spell levels left.
You didn't know any spells.
Your spell library contained the following spells:

 Spells                   Type           Power        Failure   Level  Hunger
 Stone Arrow              Conj/Erth      #.....       69%         3    ####...
 Passwall                 Tmut/Erth      #.......     45%         2    ###....
 Lee's Rapid Deconstruct  Erth           #.........   100%        5    ######.
 Sandblast                Erth           #.....       32%         1    ##.....
 Petrify                  Tmut/Erth      #.......     96%         4    #####..


Dungeon Overview and Level Annotations

Branches:
Dungeon (10/15)            Temple (1/1) D:5            Lair (5/6) D:10
 Spider (0/4) Lair:4          Orc (0/2) D:10
  Swamp: Lair:2-4    Shoals: Lair:2-4     Slime: Lair:5-6

Altars:
Ashenzari
Cheibriados
Dithmenos
Elyvilon
Gozag
Hepliaklqana
Kikubaaqudgha
Makhleb
Nemelex Xobeh
Okawaru
Qazlal
Ru
Sif Muna
Trog
Uskayaw
Vehumet
Wu Jian
Xom
Yredelemnul
Zin
The Shining One
Beogh

Shops:
D:5 **:

Annotations:
D:3 Alabard's ghost, amateur DEVM
D:4 exclusion: door
Lair:5 exclusion: entropy weaver


Innate Abilities, Weirdness & Mutations

You are too large for most types of armour.
You have claws for hands.
Your metabolism is lightning-fast.
You like to eat raw meat.
Your natural rate of healing is unusually fast.
You are covered in fur. (AC +1)
You have very tough skin. (AC +2)


Message History

You feel strangely unstable.
You feel sick. The black mamba bites you!! Elyvilon protects you from harm!
The entropy weaver mumbles some strange words.
The entropic weave corrodes you! The worker ant closely misses you.
The soldier ant waves its antennae.
The black mamba barely misses you.
You feel sick.
The soldier ant waves its antennae.
Your surroundings suddenly seem different.
You feel sick.
A porcupine comes into view.
You feel sick.
You feel sick.
You feel sick.
You feel sick.
You feel sick.
You feel sick.
You scratch the porcupine but do no damage.
You feel sick. The porcupine bites you!
You die...

.....###.#######
.......#.#.P..#.#.
..................
..................
..................
......P...........
....P.P..#..#
.....P.#r.###
#@### ###


You could see a porcupine.

Vanquished Creatures
  A two-headed ogre (D:10)
  A queen ant (Lair:5)
  A black mamba (Lair:4)
  3 spiny frogs
  A torpor snail (Lair:3)
  A komodo dragon (Lair:4)
  2 hippogriffs
  8 yaks
  2 wyverns
  A vampire (D:10)
  3 hogs (D:7)
  A human (D:7)
  A steam dragon (D:10)
  3 vampire mosquitoes (D:9)
  2 wargs (D:10)
  14 soldier ants (Lair:5)
  A water moccasin (D:9)
  Purgy (D:3)
  2 orc warriors
  A hornet zombie (D:6)
  An eye of draining (D:9)
  An ice beast (D:8)
  2 ogres (D:7)
  A necrophage (D:10)
  2 centaurs
  2 crocodiles (Lair:4)
  A big kobold (Sewer)
  9 bullfrogs
  8 scorpions
  2 electric eels
  2 howler monkeys (D:7)
  2 crimson imps
  4 bullfrog zombies
  2 quasits
  5 hounds
  A bullfrog skeleton (D:4)
  A centaur skeleton (D:7)
  A gnoll shaman (D:6)
  6 orc priests
  2 iguanas
  9 orc wizards
  19 worker ants
  A killer bee zombie (D:3)
  A hound zombie (D:7)
  A hound skeleton (D:6)
  4 gnolls (D:6)
  13 adders
  2 river rats
  2 shadow imps
  An ooze (D:3)
  2 adder skeletons
  4 worms
  5 leopard geckos
  41 orcs
  6 giant cockroaches
  4 goblins
  10 hobgoblins
  14 jackals
  7 quokkas
  2 ball pythons
  12 bats
  5 frilled lizards
  A jackal zombie (D:7)
  10 kobolds
  A leopard gecko zombie (D:8)
  A quokka skeleton (D:9)
  9 rats
  2 plants (D:9)
294 creatures vanquished.

Vanquished Creatures (others)
  A kobold (Sewer)
  2 fungi
  3 plants (D:9)
6 creatures vanquished.

Grand Total: 300 creatures vanquished

Notes
Turn   | Place    | Note
-------+----------+-------------------------------------------
     0 | D:1      | sking99 the Troll Monk began the quest for the Orb.
     0 | D:1      | Reached XP level 1. HP: 22/22 MP: 0/0
    36 | D:1      | Reached XP level 2. HP: 19/29 MP: 1/1
   467 | D:1      | Reached XP level 3. HP: 36/36 MP: 2/2
   707 | D:2      | Reached skill level 4 in Unarmed Combat
   824 | D:2      | Reached XP level 4. HP: 42/45 MP: 3/3
  1118 | D:3      | Found a runed gate.
  1118 | D:3      | Found a runed gate.
  1120 | D:3      | Found a runed gate.
  1262 | D:3      | Noticed Purgy
  1274 | D:3      | Killed Purgy
  1274 | D:3      | Reached skill level 5 in Unarmed Combat
  1274 | D:3      | Reached XP level 5. HP: 39/53 MP: 4/4
  1384 | D:3      | Found a hazy altar of Hepliaklqana.
  1423 | D:3      | Reached XP level 6. HP: 40/62 MP: 5/5
  1510 | D:3      | Reached skill level 6 in Unarmed Combat
  1815 | D:3      | Noticed Alabard's ghost (amateur DEVM)
  2049 | D:4      | Found a shattered altar of Ashenzari.
  2333 | D:4      | Reached XP level 7. HP: 70/70 MP: 6/6
  2390 | D:4      | Found a glowing drain.
  2394 | Sewer    | Entered a sewer
  2483 | Sewer    | Reached skill level 7 in Unarmed Combat
  2510 | Sewer    | Found a white marble altar of Elyvilon.
  2581 | Sewer    | Became a worshipper of Elyvilon the Healer
  2581 | Sewer    | Reached * piety under Elyvilon
  2581 | Sewer    | Reached ** piety under Elyvilon
  2679 | D:4      | Found a deep blue altar of Sif Muna.
  2991 | D:5      | Entered Level 5 of the Dungeon
  2991 | D:5      | Found Qupa's Assorted Antiques.
  2991 | D:5      | Found Giavex's Book Emporium.
  3023 | D:5      | Found a staircase to the Ecumenical Temple.
  3110 | D:5      | Found a sacrificial altar of Ru.
  3168 | Temple   | Entered the Ecumenical Temple
  3351 | Temple   | Reached *** piety under Elyvilon
  3524 | D:5      | Found a sparkling altar of Nemelex Xobeh.
  3524 | D:5      | Found a glowing silver altar of Zin.
  3567 | D:5      | Found an iron altar of Okawaru.
  3626 | D:5      | Found Jyery's General Store.
  4040 | D:6      | Reached skill level 8 in Unarmed Combat
  4045 | D:6      | Reached skill level 5 in Fighting
  4052 | D:6      | Reached XP level 8. HP: 47/80 MP: 1/7
  4443 | D:6      | Reached skill level 9 in Unarmed Combat
  4671 | D:7      | Noticed a hippogriff
  4694 | D:7      | Killed a hippogriff
  4699 | D:7      | Reached skill level 10 in Unarmed Combat
  4915 | D:7      | Reached **** piety under Elyvilon
  4925 | D:7      | Reached XP level 9. HP: 87/89 MP: 8/8
  5061 | D:7      | Reached skill level 1 in Shields
  5090 | D:7      | Reached skill level 11 in Unarmed Combat
  5229 | D:8      | Found a roughly hewn altar of Beogh.
  5701 | D:8      | Got an iridescent war axe
  5702 | D:8      | Identified the +3 war axe of the Mushroom {flame, Int+7} (You found it on level 8 of the Dungeon)
  6117 | D:9      | Found a stormy altar of Qazlal.
  6170 | D:9      | Reached skill level 12 in Unarmed Combat
  6170 | D:9      | Reached XP level 10. HP: 81/98 MP: 5/9
  6735 | D:9      | Reached ***** piety under Elyvilon
  6979 | D:10     | Entered Level 10 of the Dungeon
  7032 | D:10     | Found a staircase to the Orcish Mines.
  7081 | D:10     | Reached skill level 5 in Shields
  7088 | D:10     | Reached skill level 13 in Unarmed Combat
  7421 | D:10     | Found a staircase to the Lair.
  7479 | D:10     | Noticed a two-headed ogre
  7491 | D:10     | Killed a two-headed ogre
  7733 | Lair:1   | Entered Level 1 of the Lair of Beasts
  7798 | Lair:4   | Noticed a spiny frog
  7800 | Lair:4   | Noticed a torpor snail
  7815 | Lair:3   | Killed a spiny frog
  7815 | Lair:3   | Reached XP level 11. HP: 52/105 MP: 10/10
  8115 | Lair:4   | Found a hole to the Spider Nest.
  8115 | Lair:4   | Noticed an orb spider
  8124 | Lair:4   | Reached skill level 14 in Unarmed Combat
  8311 | Lair:5   | Noticed a queen ant
  8350 | Lair:5   | Killed a queen ant
  8536 | Lair:5   | Noticed an entropy weaver
  8568 | Lair:5   | Noticed an entropy weaver
  8579 | Lair:5   | Elyvilon protects you from harm!
  8589 | Lair:5   | Slain by a porcupine

Vault maps used:
D:1:      sevenhm_arrival_forest_fort_small_4
D:2:      nicolae_overflow_hidden_temple, first_ration
D:3:      overflow_temple_1_default, gammafunk_ghost_necromancy, uniq_purgy
D:4:      led_sif_book, nicolae_ashenzari_panopticon, gup_sewer_entry_spiral
D:5:      nicolae_ru_path_of_blood, gammafunk_temple_overflow_wave,
          lemuel_temple_firewalk_b, serial_shops, nicolae_shop_waterfront,
          nicolae_shop_crystal, shop, okawaru_gym_becter
D:7:      grunt_livestock
D:8:      special_room
D:9:      lemuel_coloured_pillars_altar, serial_bayou_lagoon_a
D:10:     erik_lair_orcish_takeover, orc_0_dummy
Temple:   minmay_temple_curvy_branch
Lair:1:   minmay_hedge_maze, st_stairs_13, minivault_24, uniq_sonja,
          uniq_harold, uniq_gastronok
Lair:2:   shoals_dummy_entry, grunt_megastairs_4, infiniplex_staircase_pool
Lair:3:   serial_bayou_lake_a, serial_bayou_shore_b
Lair:4:   nicolae_spider_entry_orb_guardian, minmay_stone_trees_medium,
          cheibrodos_lair_reptile_den, infiniplex_staircase_pool_2,
          grunt_megastairs_5
Lair:5:   minivault_29
Sewer:    sewer_kobolds

Skill      XL: |  1  2  3  4  5  6  7  8  9 10 11 |
---------------+----------------------------------+-----
Unarmed Combat | 4 5 6 8 10 12 13 14 | 14.7
Fighting       | 3 4 5 6 |  6.1
Shields        | 3 5 7 |  7.0
Dodging        | |  2.4
Stealth        | |  1.0

Action                   |  1- 3 |  4- 6 |  7- 9 | 10-12 || total
-------------------------+-------+-------+-------+-------++-------
Melee: Unarmed           |    96 |   117 |   406 |   344 ||   963
       Punch             |     1 |     1 |     8 |       ||    10
Invok: Purification      |       |       |     2 |     1 ||     3
       Heal Other        |       |       |     2 |       ||     2
  Use: Scroll            |       |     9 |     4 |     5 ||    18
       Potion            |       |       |       |     1 ||     1
 Stab: Sleeping          |       |     1 |     4 |     1 ||     6
  Eat: Chunk             |    13 |    14 |    37 |    23 ||    87
Armor: Robe              |    52 |    14 |       |       ||    66
       Troll leather arm |       |    27 |   115 |    45 ||   187
Dodge: Dodged            |    93 |    54 |   147 |    75 ||   369
Block: Other             |       |     3 |    25 |       ||    28
       Reflection        |       |       |     3 |     1 ||     4
       Shield            |       |       |    76 |   151 ||   227

Table legend:
 A = Spawn XP
 B = Non-spawn XP
 C = Spawn XP percentage of total XP
 D = Spawn monster count
 E = Non-spawn monster count
 F = Spawn count percentage of total count
 G = Total turns spent on level
                    A         B        C        D         E        F      G
               +---------+---------+-------+---------+---------+-------+---------
         Total |       0 |   17023 |   0.0 |       0 |     292 |   0.0 |  8589
               +---------+---------+-------+---------+---------+-------+---------
           D:1 |       0 |      47 |   0.0 |       0 |      30 |   0.0 |   578
           D:2 |       0 |      50 |   0.0 |       0 |       9 |   0.0 |   512
           D:3 |       0 |     433 |   0.0 |       0 |      28 |   0.0 |   802
           D:4 |       0 |     215 |   0.0 |       0 |      16 |   0.0 |   883
           D:5 |       0 |     251 |   0.0 |       0 |       9 |   0.0 |   674
           D:6 |       0 |     822 |   0.0 |       0 |      36 |   0.0 |   693
           D:7 |       0 |    2195 |   0.0 |       0 |      25 |   0.0 |   669
           D:8 |       0 |     845 |   0.0 |       0 |      41 |   0.0 |   809
           D:9 |       0 |    2877 |   0.0 |       0 |      32 |   0.0 |   914
          D:10 |       0 |    2519 |   0.0 |       0 |      21 |   0.0 |   754
        Lair:3 |       0 |    1341 |   0.0 |       0 |       6 |   0.0 |   179
        Lair:4 |       0 |    1593 |   0.0 |       0 |       7 |   0.0 |   242
        Lair:5 |       0 |    3713 |   0.0 |       0 |      24 |   0.0 |   424
         Sewer |       0 |     122 |   0.0 |       0 |       8 |   0.0 |   216
               +---------+---------+-------+---------+---------+-------+---------
